 Dungeon Crawl Stone Soup version 0.29.1-12-g30fa7ad0bf (webtiles) character file.

Game seed: 4676305106380337695

49 mopl the Sneak (level 3, -2/24 HPs)
             Began as an Octopode Brigand on Dec 31, 2022.
             Slain by an orc
             ... wielding a +0 war axe
              (4 damage)
             ... on level 2 of the Dungeon.
             The game lasted 00:01:23 (1513 turns).

mopl the Sneak (Octopode Brigand)                   Turns: 1513, Time: 00:01:24

Health: -2/24      AC:  1    Str: 10    XL:     3   Next: 75%
Magic:  3/3        EV: 13    Int: 15    God:
Gold:   65         SH:  0    Dex: 13    Spells: 2/2 levels left

rFire   . . .      SeeInvis .   a - +2 dagger (vamp)
rCold   . . .      Faith    .   (no shield)
rNeg    . . .      Spirit   .   (helmet restricted)
rPois   .          Reflect  .   (no amulet)
rElec   .          Harm     .   (no ring)
rCorr   .          Rampage  .   (no ring)
Will    .....                   (no ring)
Stlth   ++++......              (no ring)
HPRegen 0.08/turn               (no ring)
MPRegen 0.08/turn               (no ring)
                                (no ring)
                                (no ring)

@: no status effects
A: almost no armour, amphibious, 8 rings, camouflage 1, gelatinous body 1,
(nimble swimmer 1), tentacles
a: no special abilities


You were on level 2 of the Dungeon.
You visited 1 branch of the dungeon, and saw 3 of its levels.

You collected 65 gold pieces.

Inventory:

Hand Weapons
 a - a +2 vampiric dagger (weapon)
 i - a +2 dagger
Missiles
 b - 13 poisoned darts (quivered)
 c - 3 curare-tipped darts
 p - 2 javelins
Magical Staves
 o - a staff of earth
Wands
 m - a wand of charming (8)
Scrolls
 d - a scroll of identify {unknown}
 f - 3 scrolls of teleportation {unknown}
 j - a scroll of vulnerability {unknown}
 l - 2 scrolls of blinking {unknown}
 q - a scroll of silence {unknown}
Potions
 e - a potion of curing {unknown}
 g - a potion of might {unknown}
 h - a potion of magic {unknown}
 k - a potion of ambrosia {unknown}
 n - 3 potions of heal wounds {unknown}


   Skills:
 - Level 2.0 Fighting
 + Level 2.5 Short Blades
 + Level 2.6 Throwing
 + Level 1.9 Dodging
 + Level 5.8 Stealth


You had 2 spell levels left.
You didn't know any spells.
Your spell library contained the following spells:

 Spells                   Type           Power      Damage    Failure   Level
 Gell's Gravitas          Tloc           0%         N/A       63%         3
 Teleport Other           Tloc           0%         N/A       63%         3
 Dispersal                Tloc           0%         N/A       100%        6


Dungeon Overview and Level Annotations

Branches:
Dungeon (3/15)

Altars:


Innate Abilities, Weirdness & Mutations

You cannot wear most types of armour.
You are amphibious.
You can wear up to eight rings at the same time.
Your skin changes colour to match your surroundings (Stealth+).
Your rubbery body absorbs attacks. (AC +1, EV +1)
((You are camouflaged when in or above water. (Stealth+)))
You have tentacles for arms and can constrict up to eight enemies at once.


Message History

Done exploring.
Done exploring.
(D) Dungeon
Where to? (Enter - D:2, ? - help)
What level of the Dungeon? (default 1, ? - help)
There is a stone staircase leading down here.
You climb downwards.
Found 13 gold pieces, a spear and a sedimented brown potion.
There is a stone staircase leading up here.
There are monsters nearby!
Okay, then. 2 orcs and a giant cockroach come into view.
An orc is wielding a +0 falchion of holy wrath.
The hobgoblin shouts!
The orc shouts! x2; The kobold shouts!
The orc shouts!
You hear a shout!
The hobgoblin hits you. The orc barely misses you. The orc closely misses you.
The orc shouts!
You hear an angry hiss.
You barely miss the orc. Your grab misses the orc. You hit the orc.
You feel better.
Your grab misses the orc. You squeeze the orc.
The orc is heavily wounded.
The orc misses you. The orc hits you with a +0 flail.
The orc hits you with a +0 dagger. The hobgoblin hits you.
Unknown command.
The orc attacks as you move away! The orc barely misses you.
The orc attacks as you move away! The orc closely misses you.
There is a stone staircase leading up here.
The orc hits you with a +0 war axe. The orc hits you with a +0 flail.
* * * LOW HITPOINT WARNING * * *
You climb upwards.
There is a stone staircase leading down here.
You are too injured to fight recklessly!
You are too injured to fight recklessly!
You hit the orc but do no damage. Your grab misses the orc.
Your squeeze misses the orc. The orc hits you with a +0 war axe.
* * * LOW HITPOINT WARNING * * *
The orc barely misses you.
You hit the orc but do no damage. Your grab misses the orc.
The orc hits you with a +0 war axe.
You die...

#........#..#.#
#.#####..#..#.#
#.#####..#..#.####
#.......##..#.##..
#...........#.##.#
#.......###.#.#...
#.##......#.#.#..#
###o##........#.#..#
#..@.....>......#..#
#..o................
#...........#####.##
####...................
#.............#########
##.#..........#####
#.#.......)......#
#.#..†...........#
#.#..............#####


You could see 2 orcs.

Vanquished Creatures
  2 worms (D:2)
  3 ball pythons (D:1)
  4 bats
  5 endoplasms
  A giant cockroach (D:1)
  5 goblins
  4 hobgoblins (D:1)
  6 kobolds
  3 frilled lizards (D:1)
  6 rats
39 creatures vanquished.

Notes
Turn   | Place    | Note
-------+----------+-------------------------------------------
     0 | D:1      | mopl the Octopode Brigand began the quest for the Orb.
     0 | D:1      | Reached XP level 1. HP: 14/14 MP: 1/1
    41 | D:1      | Reached XP level 2. HP: 19/19 MP: 2/2
   320 | D:1      | Reached XP level 3. HP: 24/24 MP: 3/3
   551 | D:1      | Found a faded altar of an unknown god.
  1513 | D:2      | Slain by an orc

Illustrated notes

Levels and vault maps discovered:
D:1:      dpeg_arrival_morbid_curiosity, layout_basic,
          shapermc_ecumenical_altar_petra, serial_curves, eino_curves_04,
          eino_curves_04, eino_curves_04
D:2:      layout_basic, minmay_heptomino_h4
D:3:      layout_basic

Action                   || total
-------------------------++-------
Melee: Dagger            ||    61
       Tentacles         ||    12
       Constrict         ||     6
 Stab: Sleeping          ||    20
Armor: Skin              ||     5
Dodge: Dodged            ||    36
